 Dungeon Crawl Stone Soup version 0.29-a0-187-ga23d9638d5 (webtiles) character file.

Game seed: 17570945461788573403

116 dr0g0th the Skirmisher (level 5, -7/33 HPs)
             Began as a Gargoyle Fighter on Feb 21, 2022.
             Mangled by an ogre (27 damage)
             ... on level 4 of the Dungeon.
             The game lasted 00:03:07 (2674 turns).

dr0g0th the Skirmisher (Gargoyle Fighter)           Turns: 2674, Time: 00:03:07

Health: -7/33      AC: 11    Str: 21    XL:     5   Next: 0%
Magic:  5/5        EV:  8    Int:  9    God:
Gold:   173        SH: 10    Dex:  9    Spells: 4/4 levels left

rFire   . . .      SeeInvis .   a - +1 flail
rCold   . . .      Faith    .   d - +2 kite shield
rNeg    + . .      Spirit   .   b - +0 scale mail
rPois   ∞          Reflect  .   (no helmet)
rElec   +          Harm     .   (no cloak)
rCorr   .          Rampage  .   (no gloves)
Will    .....                   (no boots)
Stlth   ..........              j - amulet of regeneration
HPRegen 0.91/turn               (no ring)
MPRegen 0.09/turn               (no ring)

@: no status effects
A: sickness immunity, AC +4, negative energy resistance 1, electricity
resistance, torment resistance 1, petrification resistance
a: no special abilities


You were on level 4 of the Dungeon.
You visited 1 branch of the dungeon, and saw 4 of its levels.

You collected 173 gold pieces.

Inventory:

Hand Weapons
 a - a +1 flail (weapon)
Armour
 b - a +0 scale mail (worn)
 d - a +2 kite shield (worn)
 k - an orb of energy
Jewellery
 c - a ring of willpower
 j - an amulet of regeneration (around neck)
Scrolls
 e - 4 scrolls of identify
 h - a scroll of enchant weapon
 l - 3 scrolls of fear
 m - a scroll of enchant armour {unknown}
 n - 3 scrolls of holy word {unknown}
Potions
 f - a potion of lignification
 g - 3 potions of curing
 i - a potion of attraction {unknown}


   Skills:
 + Level 3.9 Fighting
 + Level 3.5 Maces & Flails
 + Level 3.9 Armour
 + Level 0.5 Dodging
 + Level 0.4 Stealth
 + Level 3.7 Shields


You had 4 spell levels left.
You didn't know any spells.
Your spell library contained the following spells:

 Spells                   Type           Power      Damage    Failure   Level
 Scorch                   Fire           0%         2d5       99%         2
 Flame Wave               Conj/Fire      0%         2d4       100%        4
 Summon Cactus Giant      Summ           0%         N/A       100%        6


Dungeon Overview and Level Annotations

Branches:
Dungeon (4/15)
 Temple: D:4-7

Altars:
Fedhas

Shops:
D:1 (


Innate Abilities, Weirdness & Mutations

You are immune to sickness and miasma.
Your stone body is resilient. (AC +4)
You are immune to poison.
You resist negative energy. (rN+)
You are resistant to electric shocks. (rElec)
You are resistant to unholy torment.
You are immune to petrification.


Message History

The adder hisses angrily.
An adder is nearby!
An adder is nearby!
A hobgoblin comes into view. It is wielding a +0 hand axe.
An ogre comes into view. It is wielding a +0 giant club.
The hobgoblin shouts!
You closely miss the adder. The adder bites you. x2
You miss the adder. You block the adder's attack.
You hit the adder but do no damage. You block the adder's attack. x2
The hobgoblin closely misses you. The adder barely misses you.
You block the adder's attack. The adder bites you but does no damage.
You barely miss the adder. You block the adder's attack.
The adder bites you but does no damage.
You sock the adder!
The adder is severely wounded.
You block the adder's attack. x2
You closely miss the adder.
The adder is severely wounded.
You block the ogre's attack. You block the adder's attack.
You sock the adder!
You kill the adder!
The hobgoblin hits you but does no damage.
You hit the hobgoblin but do no damage. You block the hobgoblin's attack.
You barely miss the hobgoblin.
The hobgoblin hits you but does no damage.
You sock the hobgoblin!
You kill the hobgoblin!
The ogre hits you with a +0 giant club!
Ouch! That really hurt!
You have reached level 5!
You barely miss the ogre. The ogre barely misses you.
You completely miss the ogre. You block the ogre's attack.
You hit the ogre but do no damage. You block the ogre's attack.
You hit the ogre.
The ogre is lightly wounded.
The ogre hits you with a +0 giant club!!
Ouch! That really hurt!
You die...

#.........#...
##..#####....#
#########..###...####
.....................
#########....####..####.
........................
#####..#.#......###...
### ###..##...##.###....#
...##...@O.......###<..##
.........#....####...###
>...#####.#######.....#
..#..###..............# .
##....O.....####....#
#.....####.........#
#.....## ........#
..........# ###....#
............ #....#


You could see an ogre.

Vanquished Creatures
  A hound skeleton (D:4)
  2 gnolls
  2 adders
  An ufetubus (D:4)
  An adder skeleton (D:4)
  2 dart slugs (D:3)
  4 worms
  4 bats
  3 endoplasms
  5 giant cockroaches
  2 hobgoblins
  2 quokkas
  3 ball pythons
  A frilled lizard (D:3)
  5 goblins
  3 kobolds
  2 rats (D:2)
43 creatures vanquished.

Notes
Turn   | Place    | Note
-------+----------+-------------------------------------------
     0 | D:1      | dr0g0th the Gargoyle Fighter began the quest for the Orb.
     0 | D:1      | Reached XP level 1. HP: 14/14 MP: 1/1
   226 | D:1      | Reached XP level 2. HP: 19/19 MP: 2/2
   294 | D:1      | Found Iqeblaps's Weapon Shop.
  1083 | D:2      | Reached XP level 3. HP: 24/24 MP: 3/3
  1952 | D:3      | Found a faded altar of an unknown god.
  2119 | D:3      | Found a blossoming altar of Fedhas.
  2147 | D:3      | Reached XP level 4. HP: 29/29 MP: 4/4
  2653 | D:4      | Noticed an ogre
  2671 | D:4      | Reached XP level 5. HP: 15/33 MP: 5/5
  2674 | D:4      | Mangled by an ogre

Illustrated notes

Levels and vault maps discovered:
D:1:      psy_arrival_statuary, layout_rooms, serial_shops,
          nicolae_shop_bloodbath_and_beyond
D:2:      layout_basic
D:3:      layout_loops_ring, mainiacjoe_overflow_surrounded_room,
          shapermc_ecumenical_altar_flowoftime
D:4:      layout_rooms, nzn_wu_jian_contemplation

Skill      XL: |  1  2  3 |
---------------+----------+-----
Maces & Flails | 3 |  3.5
Fighting       | |  3.9
Armour         | |  3.9
Dodging        | |  0.5
Stealth        | |  0.4
Shields        | |  3.7

Action                   |  1- 3 |  4- 6 || total
-------------------------+-------+-------++-------
Melee: Flail             |   108 |    43 ||   151
  Use: Scroll            |     7 |       ||     7
       Potion            |     1 |       ||     1
Armor: Scale mail        |    48 |    19 ||    67
Dodge: Dodged            |    46 |    16 ||    62
Block: Buckler           |    18 |       ||    18
       Kite shield       |    14 |    23 ||    37

Table legend: (Time is in decaauts)
 A = Elapsed time spent in this place.
 B = Non-inter-level travel time spent in this place.
 C = Inter-level travel time spent in this place.
 D = Time resting spent in this place.
 E = Time spent auto-exploring this place.
 F = Levels seen in this place.
 G = Mean time per level.
                   A        B        C        D        E       F      G
               +--------+--------+--------+--------+--------+-----+--------+
         Total |   2729 |   2497 |    232 |    295 |   1751 |   4 |  682.2 |
       Dungeon |   2729 |   2497 |    232 |    295 |   1751 |   4 |  682.2 |
               +--------+--------+--------+--------+--------+-----+--------+

Top non-repeatable levels by time:
     D:2: 1309 daAuts
     D:3: 847 daAuts
     D:1: 461 daAuts
     D:4: 110 daAuts
